 Dungeon Crawl Stone Soup version 0.32-a0-938-g40ac7a0f4d (webtiles) character file.

Game seed: 2309283742534884248

219 Cancer the Digger (level 5, -1/28 HPs)
             Began as a Gargoyle Earth Elementalist on Apr 15, 2024.
             Slain by an ogre
             ... wielding a +0 giant club
              (29 damage)
             ... on level 4 of the Dungeon.
             The game lasted 00:04:45 (3092 turns).

Cancer the Digger (Gargoyle Earth Elementalist)     Turns: 3092, Time: 00:04:46

Health: -1/28      AC:  6    Str: 11    XL:     5   Next: 96%
Magic:  9/10       EV: 11    Int: 18    God:
Gold:   195        SH:  0    Dex: 10    Spells: 7/11 levels left

rFire   . . .        o - staff of earth
rCold   . . .        (no shield)
rNeg    + . .        a - +0 robe
rPois   ∞            (no helmet)
rElec   +            (no cloak)
rCorr   .            (no gloves)
SInv    .            (no boots)
Will    .....        m - amulet of the acrobat
Stlth   ++           (no ring)
HPRegen 0.24/turn    (no ring)
MPRegen 0.12/turn

%: acrobat
@: no status effects
A: sickness immunity, AC +4, negative energy resistance 1, electricity
resistance, torment resistance 1, petrification resistance
a: no special abilities


You were on level 4 of the Dungeon.
You visited 1 branch of the dungeon, and saw 4 of its levels.

You collected 195 gold pieces.

Inventory:

Hand Weapons
 f - a +0 dagger of venom
Armour
 a - a +0 robe (worn)
Magical Staves
 o - a staff of earth (weapon)
Jewellery
 m - an amulet of the acrobat (around neck)
Scrolls
 c - 5 scrolls of identify {unknown}
 j - a scroll of silence {unknown}
 k - a scroll of fog {unknown}
 l - a scroll of amnesia {unknown}
 p - a scroll of immolation {unknown}
 q - a scroll of noise {unknown}
 r - a scroll of fear {unknown}
Potions
 b - a potion of magic
 d - a potion of brilliance {unknown}
 e - a potion of lignification {unknown}
 g - 4 potions of curing {unknown}
 h - a potion of mutation {unknown}
 i - a potion of enlightenment {unknown}
 n - a potion of ambrosia {unknown}


   Skills:
 - Level 1.5 Dodging
 - Level 2.1 Stealth
 + Level 3.5 Spellcasting
 + Level 3.5 Conjurations
 + Level 5.3 Earth Magic


You had 7 spell levels left.
You knew the following spells:

 Your Spells              Type           Power      Damage    Failure   Level
a - Sandblast             Erth           66%        2d15      1%          1
b - Stone Arrow           Conj/Erth      56%        3d10      8%          3

Your spell library contained the following spells:

 Spells                   Type           Power      Damage    Failure   Level
 Passwall                 Erth           33%        N/A       5%          3
 Summon Small Mammal      Summ           12%        N/A       16%         1
 Dazzling Flash           Conj/Hex       18%        N/A       22%         3
 Lesser Beckoning         Tloc           6%         N/A       24%         2
 Brom's Barrelling Bould  Conj/Erth      28%        2d5       24%         4
 Mephitic Cloud           Conj/Alch/Air  7%         N/A       28%         3
 Call Canine Familiar     Summ           3%         N/A       43%         3
 Maxwell's Portable Pile  Tloc           3%         2d(5-14)  43%         3
 Sigil of Binding         Hex            3%         N/A       43%         3
 Summon Ice Beast         Ice/Summ       3%         N/A       43%         3
 Teleport Other           Tloc           3%         N/A       43%         3
 Petrify                  Alch/Erth      19%        N/A       45%         4
 Dimensional Bullseye     Hex/Tloc       1%         N/A       83%         4
 Summon Blazeheart Golem  Fire/Summ      3%         N/A       83%         4
 Curse of Agony           Necr           3%         N/A       99%         5
 Silence                  Hex/Air        1%         N/A       99%         5
 Summon Mana Viper        Hex/Summ       3%         N/A       99%         5
 Monstrous Menagerie      Summ           1%         N/A       100%        7


Dungeon Overview and Level Annotations

Branches:
Dungeon (4/15)
 Temple: D:4-7

Altars:

Shops:
D:2 (   D:4 =


Innate Abilities, Weirdness & Mutations

You are immune to sickness and miasma.
Your stone body is resilient. (AC +4)
You are immune to poison.
You resist negative energy. (rN+)
You are resistant to electric shocks. (rElec)
You are resistant to unholy torment.
You are immune to petrification.


Message History

You can't see any susceptible monsters within range! (Use Z to cast anyway.)
You can't see any susceptible monsters within range! (Use Z to cast anyway.)
q - a scroll labelled ZEOH VIPPUTT A white imp is nearby!
You feel a surge of power!
The blast of sand misses the white imp.
The white imp shouts!
You can't see any susceptible monsters within range! (Use Z to cast anyway.)
A white imp is nearby!
You feel a surge of power!
The blast of sand hits the white imp!
You kill the white imp!
You can't see any susceptible monsters within range! (Use Z to cast anyway.)
Found 4 poisoned darts.
You now have 195 gold pieces (gained 10).
Found a stone staircase leading down.
Found a leather armour.
You see here a +0 leather armour.
Found Wonkunol's Jewellery Shop.
r - a scroll labelled XECIEMYQACK
Found a stone staircase leading down.
Found a stone staircase leading up.
There is an entrance to Wonkunol's Jewellery Shop here.
There is a stone staircase leading down here.
An ogre comes into view. It is wielding a +0 giant club.
There is an entrance to Wonkunol's Jewellery Shop here.
You see here a +0 leather armour.
An orc comes into view. It is wielding a +0 club.
There is a stone staircase leading up here.
You climb upwards.
There is a stone staircase leading down here.
You climb downwards.
The ogre closely misses you.
There is a stone staircase leading up here.
Casting: Sandblast (safe; 1% risk of failure)
Confirm with . or Enter, or press ? or * to list all spells.
Aiming: Sandblast (safe; 1% risk of failure)
Press: ? - help, Shift-Dir - straight line, f - ogre
Aim: an ogre, wielding a +0 giant club (92% to hit)
You feel a surge of power!
The blast of sand misses the ogre.
The ogre hits you with a +0 giant club!!
Ouch! That really hurt!
You die...

#.#.###.##.# #..##
##.#.## #..# #....# ##
#####..## ##.#..###...
#.....#.###.........#.
#.######....##....(.o.
#[# #######.###....
#.# #.###.###. #.#
#.@O.o.... #.#
####...... #.#####
.###. #.....# +
#####∩# #.# ##.##
##...## ##.....##


You could see an ogre and an orc.

Vanquished Creatures
  A gnoll bouda (D:4)
  A hound (D:4)
  3 adders
  4 gnolls (D:4)
  A white imp (D:4)
  4 dart slugs
  7 orcs (D:3)
  7 endoplasms
  5 giant cockroaches
  6 goblins
  8 hobgoblins
  4 jackals (D:3)
  5 kobolds
  2 quokkas
  4 ball pythons
  5 bats
  A frilled lizard (D:2)
  4 rats
72 creatures vanquished.

Notes
Turn   | Place    | Note
-------+----------+-------------------------------------------
     0 | D:1      | Cancer the Gargoyle Earth Elementalist began the quest for
                  | the Orb.
     0 | D:1      | Reached XP level 1. HP: 10/10 MP: 3/3
   162 | D:1      | Reached XP level 2. HP: 15/15 MP: 1/5
   256 | D:1      | Reached skill level 4 in Earth Magic
   474 | D:1      | Reached XP level 3. HP: 19/19 MP: 4/6
  1078 | D:1      | Learned a level 3 spell: Stone Arrow
  1722 | D:2      | Found Meburr's Weapon Shoppe.
  2040 | D:2      | Reached XP level 4. HP: 21/24 MP: 5/8
  2844 | D:4      | Reached XP level 5. HP: 28/28 MP: 6/9
  2897 | D:4      | Reached skill level 5 in Earth Magic
  3038 | D:4      | Found Wonkunol's Jewellery Shop.
  3054 | D:4      | Noticed an ogre
  3092 | D:4      | Slain by an ogre

Illustrated notes

Levels and vault maps discovered:
D:1:      mrwooster_arrival_statue_3, layout_loops_ring, minmay_pentomino_x2
D:2:      layout_loops_ring, serial_shops, shop, feat_on_display
D:3:      layout_basic
D:4:      layout_loops_ring, elyvilon_altar_3, lemuel_tele_altar, serial_shops,
          kennysheep_mini_moat, shop, nicolae_shop_tiny_real_fake_doors,
          shop_statue

Skill      XL: |  1  2  3  4  5 |
---------------+----------------+-----
Earth Magic    | 4 5 |  5.3
Conjurations   | 2 3 |  3.5
Spellcasting   | 3 |  3.5
Dodging        | |  1.5
Stealth        | |  2.1

Action                     |  1- 3 |  4- 6 || total
---------------------------+-------+-------++-------
  Melee: Unarmed           |    23 |       ||    23
         Punch             |     1 |       ||     1
         Dagger            |     4 |     6 ||    10
         Staff             |       |     4 ||     4
   Cast: Sandblast         |    60 |    37 ||    97
   Stab: Sleeping          |       |     1 ||     1
 Armour: Robe              |    32 |    14 ||    46
  Dodge: Dodged            |    36 |    14 ||    50

Table legend: (Time is in decaauts)
 A = Elapsed time spent in this place.
 B = Non-inter-level travel time spent in this place.
 C = Inter-level travel time spent in this place.
 D = Time resting spent in this place.
 E = Time spent auto-exploring this place.
 F = Levels seen in this place.
 G = Mean time per level.
                   A        B        C        D        E       F      G
               +--------+--------+--------+--------+--------+-----+--------+
         Total |   3139 |   2884 |    255 |      0 |   2429 |   4 |  784.8 |
       Dungeon |   3139 |   2884 |    255 |      0 |   2429 |   4 |  784.8 |
               +--------+--------+--------+--------+--------+-----+--------+

Top non-repeatable levels by time:
     D:1: 1130 daAuts
     D:2: 1126 daAuts
     D:3: 608 daAuts
     D:4: 273 daAuts
